 Dungeon Crawl Stone Soup version 0.20.1-1-g8b1a95d (webtiles) character file.

160 Nachka the Chucker (level 5, -2/49 HPs)
             Began as a Troll Hunter on Sept 10, 2017.
             Splashed by a jelly's acid (9 damage)
             ... on level 2 of the Dungeon.
             The game lasted 01:03:43 (2063 turns).

Nachka the Chucker (Troll Hunter)                   Turns: 2063, Time: 01:03:44

Health: -2/49      AC: -3    Str: 20    XL:     5   Next: 17%
Magic:  4/4        EV: 10    Int:  7    God:
Gold:   75         SH:  0    Dex: 11    Spells: 4/4 levels left

rFire    . . .     SeeInvis .   r - +0 dagger (venom)
rCold    . . .     Gourm    +   (no shield)
rNeg     . . .     Faith    .   b - +0 robe
rPois    .         Spirit   .   (helmet restricted)
rElec    .         Reflect  .   (no cloak)
rCorr    .         Harm     .   (gloves unavailable)
MR       .....                  (boots unavailable)
Stlth    +.........             (no amulet)
Regen    0.6/turn               (no ring)
MPRegen  0.1/turn               (no ring)

@: corroded
A: unfitting armour, claws 3, fast metabolism 3, gourmand, regeneration 1,
shaggy fur 1, tough skin 2
a: no special abilities


You were on level 2 of the Dungeon.
You were full.

You visited 1 branch of the dungeon, and saw 2 of its levels.

You collected 75 gold pieces.

Inventory:

Hand Weapons
 a - a +0 short sword
 d - a +0 short sword
 e - a +0 club
 i - a +0 dagger
 m - a +0 club
 r - a +0 dagger of venom (weapon)
 t - a +0 dagger
 v - a +0 mace
 y - a +0 short sword
 B - a cursed -1 whip
Missiles
 o - 7 javelins (quivered)
 x - 45 sling bullets
 z - a throwing net
Armour
 b - a +0 robe (worn)
 n - a +0 robe
 w - a +0 robe
 A - a scarf of resistance
Scrolls
 q - a scroll of recharging {unknown}
 u - a scroll of blinking {unknown}
Potions
 g - a potion of cancellation
 h - a potion of invisibility {unknown}
 j - a potion of mutation {unknown}
 l - a potion of degeneration {unknown}
 p - a potion of lignification {unknown}
 s - a potion of heal wounds {unknown}
Comestibles
 f - 2 bread rations


   Skills:
 + Level 1.8 Fighting
 + Level 0.4 Short Blades
 + Level 5.3 Throwing
 + Level 2.3 Dodging
 + Level 0.6 Stealth


You had 4 spell levels left.
You didn't know any spells.

Dungeon Overview and Level Annotations

Branches:
Dungeon (2/15)

Altars:


Innate Abilities, Weirdness & Mutations

You are too large for most types of armour.
You have claws for hands.
Your metabolism is lightning-fast.
You like to eat raw meat.
Your natural rate of healing is unusually fast.
You are covered in fur. (AC +1)
You have very tough skin. (AC +2)


Message History

The acid corrodes you!
You are splashed with acid!
The acid burns!
* * * LOW HITPOINT WARNING * * *
There is an open door here.
You are too injured to fight recklessly!
You are too injured to fight recklessly!
You are too injured to fight recklessly!
Throwing (i - inventory. (,) - cycle):
k - a stone (quivered)
Press: ? - help, Shift-Dir - straight line, f/p - jelly
Aim: a jelly (moderately wounded)
You throw a stone. The stone hits the jelly.
The jelly is moderately wounded.
Throwing (i - inventory. (,) - cycle):
o - 8 javelins (quivered)
Press: ? - help, Shift-Dir - straight line, f/p - jelly
Aim: a jelly (moderately wounded)
You throw a javelin. The javelin hits the jelly.
The jelly is heavily wounded.
The jelly hits you.
* * * LOW HITPOINT WARNING * * *
The acid corrodes you!
You are splashed with acid!
The acid burns!
You die...

....# ##'''## #.#
#..##.# ....# ##...##
#.# ##.##.# ÷...#
##.....###.####..#.#####
..###
#.......##..............
..#
#.......##............##
..#
#.......##.######..##.#
..#
#.......##..........#.#
..#
####....######...#.##.#
..# ##..'..J@#
#...#..#.# ..#
#(######## #####..#.#
..# ##(JJJ..## #....#
..# #######(#
######.#..## ..#
.P.PJJ..(# #..........#
###### ....÷P.(.#
#..........# .....#
.....P.P(# #..........#
.....# ...P.....#
#..........# .....#
...P÷P...# ######.#..##


You could see a jelly.

Vanquished Creatures
  A jelly (D:2)
  Jessica (D:2)
  3 adders
  7 oozes (D:2)
  A worm (D:2)
  3 dart slugs
  A leopard gecko (D:2)
  3 giant cockroaches
  2 goblins
  6 hobgoblins
  2 bats
  11 kobolds
  3 rats
44 creatures vanquished.

Vanquished Creatures (others)
  A kobold (D:1)
  A fungus (D:2)
  8 toadstools (D:2)
10 creatures vanquished.

Grand Total: 54 creatures vanquished

Notes
Turn   | Place    | Note
-------+----------+-------------------------------------------
     0 | D:1      | Nachka the Troll Hunter began the quest for the Orb.
     0 | D:1      | Reached XP level 1. HP: 19/19 MP: 0/0
   241 | D:1      | Reached XP level 2. HP: 28/28 MP: 1/1
   663 | D:1      | Reached skill level 4 in Throwing
  1324 | D:1      | Reached XP level 3. HP: 33/35 MP: 2/2
  1813 | D:2      | Noticed Jessica
  1816 | D:2      | Killed Jessica
  1816 | D:2      | Reached XP level 4. HP: 42/42 MP: 3/3
  2017 | D:2      | Reached skill level 5 in Throwing
  2049 | D:2      | Reached XP level 5. HP: 18/49 MP: 4/4
  2063 | D:2      | Splashed by a jelly's acid

Skill      XL: |  1  2  3  4 |
---------------+-------------+-----
Throwing       | 4 5 |  5.3
Dodging        | 2 |  2.3
Fighting       | |  1.8
Short Blades   | |  0.4
Stealth        | |  0.6

Action                   |  1- 3 |  4- 6 || total
-------------------------+-------+-------++-------
Melee: Short sword       |    18 |       ||    18
       Dagger            |    20 |    17 ||    37
Throw: Large rock        |    35 |    12 ||    47
       Throwing net      |     2 |     1 ||     3
       Stone             |     1 |    28 ||    29
       Javelin           |       |     1 ||     1
  Use: Scroll            |     2 |       ||     2
       Potion            |     1 |       ||     1
  Eat: Chunk             |    10 |     2 ||    12
       Bread ration      |     2 |       ||     2
Armor: Robe              |    15 |    20 ||    35
Dodge: Dodged            |    19 |    26 ||    45
